 Dungeon Crawl Stone Soup version 0.31-a0-460-g9e667d4245 (webtiles) character file.

Game seed: 17632279339671094506

20 Arzdou the Ruffian (level 2, -1/21 HPs)
             Began as a Demonspawn Shapeshifter on Aug 4, 2023.
             Slain by an iguana (14 damage)
             ... on level 1 of the Dungeon.
             The game lasted 00:01:28 (935 turns).

Arzdou the Ruffian (Demonspawn Shapeshifter)         Turns: 935, Time: 00:01:29

Health: -1/21      AC:  2    Str: 15    XL:     2   Next: 58%
Magic:  2/2        EV: 12    Int:  9    God:
Gold:   27         SH:  0    Dex: 13    Spells: 1/1 levels left

rFire   . .          .
                       - Unarmed
rCold   . . .        (no shield)
rNeg    . . .        a - +0 animal skin
rPois   .            (helmet currently unavailable)
rElec   .            (cloak currently unavailable)
rCorr   .            (gloves currently unavailable)
SInv    .            (boots currently unavailable)
Will    .....        (no amulet)
Stlth   +            (no ring)
HPRegen 0.23/turn    (no ring)
MPRegen 0.08/turn

%: no passive effects
@: beast-form
A: beast (slay +2), hooves 1
a: Begin Untransformation


You were on level 1 of the Dungeon.
You were a hulking beast.
You visited 1 branch of the dungeon, and saw 2 of its levels.

You collected 27 gold pieces.

Inventory:

Armour
 a - a +0 animal skin (worn)
Talismans
 c - a beast talisman (active)
Scrolls
 d - a scroll of teleportation {unknown}
Potions
 b - 2 potions of lignification
 e - a potion of invisibility {unknown}


   Skills:
 - Level 1.0 Fighting
 - Level 1.7 Dodging
 + Level 3.1 Unarmed Combat
 + Level 3.0 Shapeshifting


You had one spell level left.
You didn't know any spells.
Your spell library contained the following spells:

 Spells                   Type           Power      Damage    Failure   Level
 Summon Small Mammal      Summ           0%         N/A       38%         1
 Call Canine Familiar     Summ           0%         N/A       77%         3
 Summon Guardian Golem    Hex/Summ       0%         N/A       77%         3


Dungeon Overview and Level Annotations

Branches:
Dungeon (2/15)

Altars:


Innate Abilities, Weirdness & Mutations

You are a hulking beast.
Your limbs bulge with bestial killing power. (Slay +2)
You have large cloven feet.


Message History

Done exploring.
Done exploring.
There is an open door here.
You see here a hobgoblin skeleton.
You see here a bat skeleton.
There is a stone staircase leading down here.
You climb downwards.
There is a stone staircase leading up here.
Found a spear.
A frilled lizard comes into view.
The frilled lizard hisses angrily.
Found 14 gold pieces.
You see here a +0 spear.
You hit the frilled lizard.
You kill the frilled lizard!
You see here a frilled lizard corpse.
An iguana comes into view.
The iguana hisses angrily.
An endoplasm comes into view.
You see here a +0 spear.
The endoplasm quivers.
The endoplasm jiggles.
There is a stone staircase leading up here.
You barely miss the iguana. Your kick misses the iguana. The iguana bites you.
You hit the iguana. Your kick misses the iguana.
The iguana is lightly wounded.
The iguana barely misses you. The iguana bites you.
You climb upwards.
There is a stone staircase leading down here.
You closely miss the iguana. You kick the iguana.
The iguana is moderately wounded.
The iguana closely misses you.
You hit the iguana. Your kick misses the iguana.
The iguana is moderately wounded.
You hit the iguana. You kick the iguana.
The iguana is severely wounded.
The iguana bites you!
Ouch! That really hurt!
You die...

..##....###..######
..##.........#
..###...###.######
..###..####......#
..#...........##.#
....#######.#.##.#
..### #.#.##.# ..#
##.#.##.#
..########....##h#
..............##l#
...#######...###.#
...# ##.## #.# ...#
#.# #.# ...# #.#
#.# .#.# #.# #.#
.#.########.# #.#
....#.......####.#


You could see an iguana.

Vanquished Creatures
  4 ball pythons (D:1)
  2 bats (D:1)
  3 endoplasms (D:1)
  A giant cockroach (D:1)
  A goblin (D:1)
  2 hobgoblins (D:1)
  A kobold (D:1)
  A quokka (D:1)
  2 frilled lizards
17 creatures vanquished.

Notes
Turn   | Place    | Note
-------+----------+-------------------------------------------
     0 | D:1      | Arzdou the Demonspawn Shapeshifter began the quest for the
                  | Orb.
     0 | D:1      | Reached XP level 1. HP: 15/15 MP: 1/1
   457 | D:1      | Gained mutation: You have large cloven feet. [demonic
                  | ancestry]
   457 | D:1      | Reached XP level 2. HP: 19/21 MP: 2/2
   935 | D:1      | Slain by an iguana

Illustrated notes

Levels and vault maps discovered:
D:1:      dpeg_arrival_castle, layout_loops_ring, kennysheep_minor_cross,
          chequers_arboretum
D:2:      layout_loops_ring, chequers_serial_rivers_marsh, minmay_box_of_dots,
          uniq_terence

Skill      XL: |  1  2 |
---------------+-------+-----
Unarmed Combat | 3 |  3.1
Shapeshifting  | 3 |  3.0
Fighting       | |  1.0
Dodging        | |  1.7

Action                     || total
---------------------------++-------
  Melee: Unarmed           ||    46
         Kick              ||     6
   Stab: Sleeping          ||     1
 Armour: Animal skin       ||     6
  Dodge: Dodged            ||    22

Table legend: (Time is in decaauts)
 A = Elapsed time spent in this place.
 B = Non-inter-level travel time spent in this place.
 C = Inter-level travel time spent in this place.
 D = Time resting spent in this place.
 E = Time spent auto-exploring this place.
 F = Levels seen in this place.
 G = Mean time per level.
                   A        B        C        D        E       F      G
               +--------+--------+--------+--------+--------+-----+--------+
         Total |    934 |    887 |     47 |    157 |    589 |   2 |  467.0 |
       Dungeon |    934 |    887 |     47 |    157 |    589 |   2 |  467.0 |
               +--------+--------+--------+--------+--------+-----+--------+

Top non-repeatable levels by time:
     D:1: 908 daAuts
     D:2: 26 daAuts
